 Dungeon Crawl Stone Soup version 0.18.1-5-g4a78601 (webtiles) character file.

20 Implojin the Insei (level 2, 0/24 HPs)
             Began as a Mummy Monk on May 13, 2016.
             Slain by a giant gecko (3 damage)
             ... on level 1 of the Dungeon.
             The game lasted 00:01:53 (1458 turns).

Implojin the Insei (Mummy Monk)                     Turns: 1458, Time: 00:01:53

Health: 0/24       AC:  0    Str: 14    XL:     2   Next: 58%
Magic:  2/2        EV:  8    Int:  9    God:
Gold:   27         SH: 10    Dex: 14    Spells: 0 memorised, 1 level left

rFire  x . .     SeeInvis .       - Unarmed
rCold  + . .     Gourm    .     (no armour)
rNeg   + + +     Faith    .     c - +0 large shield
rPois  ∞         Spirit   .     (no helmet)
rElec  .         Dismiss  .     (no cloak)
rCorr  .         Reflect  .     (no gloves)
SustAt .         Harm     .     (no boots)
MR     .....                    (no amulet)
Stlth  ++........               (no ring)
                                (no ring)

@: not resistant to hostile enchantments, unstealthy
A: no food or potions, fire vulnerability, cold resistance 1, negative energy
resistance 3, torment resistance, unbreathing
a: no special abilities


You were on level 1 of the Dungeon.
You were not hungry.

You visited 1 branch of the dungeon, and saw 1 of its levels.

You collected 27 gold pieces.

Inventory:

Armour
 c - a +0 large shield (worn)
Jewellery
 d - an uncursed ring of stealth {unknown}
Scrolls
 a - 2 scrolls of remove curse {unknown}
 b - a scroll of identify {unknown}


   Skills:
 - Level 3.0 Fighting
 - Level 2.4 Dodging
 - Level 1.5 Stealth
 * Level 3.9 Unarmed Combat


You had one spell level left.
You didn't know any spells.

Dungeon Overview and Level Annotations

Branches:
Dungeon (1/15)

Altars:


Innate Abilities, Weirdness & Mutations

You do not eat or drink.
Your flesh is vulnerable to fire.
You are immune to poison.
Your flesh is cold resistant.
You are immune to negative energy.
You are immune to unholy pain and torment.
You can survive without breathing.


Message History

You kill the bat!
You hit the giant gecko but do no damage.
The giant gecko bites you.
You hit the giant gecko.
The giant gecko is severely wounded.
You block the giant gecko's attack. The giant gecko barely misses you.
You closely miss the giant gecko.
The giant gecko is severely wounded.
You block the giant gecko's attack.
You closely miss the giant gecko.
The giant gecko is severely wounded.
You block the giant gecko's attack.
You closely miss the giant gecko.
The giant gecko is severely wounded.
The giant gecko barely misses you.
You hit the giant gecko.
The giant gecko is almost dead.
The giant gecko completely misses you.
Your shield prevents you from hitting the giant gecko.
The giant gecko is almost dead.
You block the giant gecko's attack. The giant gecko bites you.
* * * LOW HITPOINT WARNING * * *
You barely miss the giant gecko.
The giant gecko is almost dead.
The giant gecko bites you.
* * * LOW HITPOINT WARNING * * *
You hit the giant gecko but do no damage.
The giant gecko is almost dead.
The giant gecko bites you.
* * * LOW HITPOINT WARNING * * *
You closely miss the giant gecko.
The giant gecko is almost dead.
You block the giant gecko's attack. The giant gecko bites you.
* * * LOW HITPOINT WARNING * * *
You closely miss the giant gecko.
The giant gecko is almost dead.
The giant gecko bites you.
* * * LOW HITPOINT WARNING * * *
The giant gecko bites you.
You die...

#######........##.#.#.#.
#........##.#.#.#.
#........##.#.#.#.
###############........##.#.#.#.
♣♣..P.≈≈≈≈≈≈≈≈≈#.#########.#.....
.....≈≈PP≈≈≈≈..'......# #.###.#.
.<.≈≈≈PPP≈≈....#.####.# #.....#.
..≈≈PPP≈≈≈....♣#.# #######.
.≈≈≈≈≈≈≈.....♣ #@# #.
≈≈≈..P.....♣♣ #l# ## ##########
#g# ....†..# #.).....# ##...?. .#
######!###.##..... ........#.# ##
#..# #.....# ........#.# .#
##.##+##.....# ........#.# .#
#.....##+#### .......#.# .#
#.....# #.....#.#


You could see a giant gecko and a goblin.

Vanquished Creatures
  A dart slug (D:1)
  3 bats (D:1)
  2 goblins (D:1)
  3 hobgoblins (D:1)
  2 jackals (D:1)
  2 kobolds (D:1)
  A giant newt (D:1)
  2 rats (D:1)
16 creatures vanquished.

Notes
Turn   | Place    | Note
--------------------------------------------------------------
     0 | D:1      | Implojin the Mummy Monk began the quest for the Orb.
     0 | D:1      | Reached XP level 1. HP: 18/18 MP: 1/1
   455 | D:1      | Reached XP level 2. HP: 24/24 MP: 2/2
  1126 | D:1      | HP: 1/24 [worm (12)]
  1458 | D:1      | Slain by a giant gecko

Action                   || total
-------------------------++-------
Melee: Unarmed           ||    73
 Stab: Sleeping          ||     2
Dodge: Dodged            ||    24
Block: Large shield      ||    27

Table legend:
 A = Turns spent in this place as a percentage of turns spent in the entire game.
 B = Non-inter-level travel turns spent in this place as a percentage of non-inter-level travel turns spent in the entire game.
 C = Inter-level travel turns spent in this place as a percentage of turns spent in this place.
 D = Turns resting spent in this place as a percentage of non-inter-level travel turns spent in this place.
 E = Turns spent auto-exploring this place as a percentage of non-inter-level travel turns spent in this place.
 F = Non-inter-level travel turns spent in this place divided by the number of levels of this place that you've seen.
                   A       B       C       D       E      F
               +-------+-------+-------+-------+-------+----------------------
         Total | 100.0 | 100.0 |   0.0 |   5.1 |   6.2 | 275.0
       Dungeon | 100.0 | 100.0 |   0.0 |   5.1 |   6.2 | 275.0
               +-------+-------+-------+-------+-------+----------------------

Table legend:
 A = Kills in this place as a percentage of kills in entire the game.
 B = Kills by you in this place as a percentage of kills by you in the entire game.
 C = Kills by friends in this place as a percentage of kills by friends in the entire game.
 D = Other kills in this place as a percentage of other kills in the entire game.
 E = Experience gained in this place as a percentage of experience gained in the entire game.
 F = Experience gained in this place divided by the number of levels of this place that you have seen.
                   A       B       C       D       E      F
               +-------+-------+-------+-------+-------+----------------------
         Total | 100.0 | 100.0 |  -nan |  -nan | 100.0 |  29.0
       Dungeon | 100.0 | 100.0 |  -nan |  -nan | 100.0 |  29.0
               +-------+-------+-------+-------+-------+----------------------
